 Dungeon Crawl Stone Soup version 0.17.1-1-g73c8601 (webtiles) character file.

88 Goblin1989 the Poker (level 4, -3/38 HPs)
             Began as a Centaur Fighter on Dec 28, 2015.
             Was an Initiate of Qazlal.
             Slain by an orc
             ... wielding a +2 dagger of electrocution
              (17 damage)
             ... on level 3 of the Dungeon.
             The game lasted 00:03:37 (2173 turns).

Goblin1989 the Poker (Centaur Fighter)              Turns: 2173, Time: 00:03:38

Health: -3/38      AC:  9    Str: 19    XL:     4   Next: 29%
Magic:  4/4        EV:  3    Int:  7    God:    Qazlal [......]
Gold:   71         SH:  8    Dex:  9    Spells: 0 memorised, 3 levels left

rFire  . . .     SeeInvis .     a - +0 trident
rCold  . . .     Clarity  .     p - +0 chain mail
rNeg   . . .     SustAt   .     c - +0 shield
rPois  .         Gourm    .     (no helmet)
rElec  .         Spirit   .     (no cloak)
rCorr  .         Warding  .     b - +0 pair of gloves
rMut   .         Stasis   .     (no barding)
MR     .....                    (no amulet)
Stlth  ..........               (no ring)
                                s - +1 ring of protection

@: very quick, not resistant to hostile enchantments, extremely unstealthy
A: hooves 3, deformed body, speed 2, tough skin 3
a: Renounce Religion


You were on level 3 of the Dungeon.
You worshipped Qazlal.
Qazlal was noncommittal.
You were hungry.

You visited 1 branch of the dungeon, and saw 3 of its levels.

You collected 71 gold pieces.

Inventory:

Hand Weapons
 a - a +0 trident (weapon)
Armour
 b - a +0 pair of gloves (worn)
 c - a +0 shield (worn)
 p - a +0 chain mail (worn)
Jewellery
 s - a +1 ring of protection (left hand)
Scrolls
 i - a scroll of enchant armour {unknown}
 m - a scroll of enchant weapon {unknown}
 n - 2 scrolls of recharging {unknown}
 o - 3 scrolls of teleportation {unknown}
 q - a scroll of fear {unknown}
Potions
 d - 3 potions of might
 h - a potion of resistance {unknown}
 j - a potion of flight {unknown}
 k - a potion of ambrosia {unknown}
 r - 3 potions of magic {unknown}
Comestibles
 e - 2 bread rations
 g - a beef jerky
 l - a meat ration


   Skills:
 - Level 3.0 Fighting
 + Level 4.1 Polearms
 - Level 2.1 Armour
 - Level 2.1 Shields


You had 3 spell levels left.
You didn't know any spells.

Dungeon Overview and Level Annotations

Branches:
Dungeon (3/15)

Altars:
Qazlal

Annotations:
D:3 PinkishYellow's ghost, amateur GrMo


Innate Abilities, Weirdness & Mutations

You have hooves in place of feet.
Armour fits poorly on your strangely shaped body.
You cover ground very quickly.
You have extremely tough skin (AC +3).


Message History

PinkishYellow's ghost barely misses you.
You block the orc's attack.
You puncture PinkishYellow's ghost!
You kick PinkishYellow's ghost, but do no damage.
PinkishYellow's ghost is moderately damaged.
PinkishYellow's ghost hits you. You block the orc's attack.
You puncture PinkishYellow's ghost! Your kick misses PinkishYellow's ghost.
PinkishYellow's ghost is heavily damaged.
PinkishYellow's ghost hits you but does no damage.
You block the orc's attack.
PinkishYellow's ghost hits you but does no damage.
Your shield prevents you from hitting PinkishYellow's ghost.
You kick PinkishYellow's ghost, but do no damage.
PinkishYellow's ghost is heavily damaged.
The orc hits you with a dagger of electrocution.
PinkishYellow's ghost hits you but does no damage.
You closely miss PinkishYellow's ghost. You kick PinkishYellow's ghost.
PinkishYellow's ghost is heavily damaged.
The orc hits you but does no damage.
You are electrocuted!
You die...

.. .. .# ... ..
.# # #..# #.
.## ..
#$.##)#..##...
##.........(.##
#..............
...............
.......@†.....#
###...W.o....##
#..(.....[...#
...............
..#............
. #............
......###.##.
..#####. ..


You could see PinkishYellow's ghost and an orc.

Vanquished Creatures
  A scorpion (D:3)
  An adder (D:2)
  2 oozes
  2 giant geckos (D:2)
  4 goblins
  2 hobgoblins
  A bat (D:2)
  2 giant newts (D:1)
  6 kobolds
  4 rats
25 creatures vanquished.

Notes
Turn   | Place    | Note
--------------------------------------------------------------
     0 | D:1      | Goblin1989 the Centaur Fighter began the quest for the Orb.
     0 | D:1      | Reached XP level 1. HP: 19/19 MP: 1/1
   595 | D:1      | Reached XP level 2. HP: 26/26 MP: 2/2
  1676 | D:2      | Reached XP level 3. HP: 31/31 MP: 3/3
  1829 | D:2      | Found a stormy altar of Qazlal.
  1833 | D:2      | Became a worshipper of Qazlal Stormbringer
  1882 | D:3      | Noticed a scorpion
  1887 | D:3      | Killed a scorpion
  1887 | D:3      | Reached skill level 4 in Polearms
  1887 | D:3      | Reached XP level 4. HP: 30/38 MP: 4/4
  2163 | D:3      | Noticed PinkishYellow's ghost (amateur GrMo)
  2173 | D:3      | Slain by an orc

Action                   |  1- 3 |  4- 6 || total
-------------------------+-------+-------++-------
Melee: Trident           |    85 |    12 ||    97
  Use: Potion            |     2 |       ||     2
  Eat: Chunk             |     2 |       ||     2
